San Jose Sharks vs Tampa Bay Lightning
Created - Wednesday, February 21, 2024 at 07:46
Goals
|
| San Jose Sharks |
1 |
1 |
0 |
2 |
| Tampa Bay Lightning |
2 |
2 |
0 |
4 |
|
Shots
|
| San Jose Sharks |
14 |
9 |
13 |
36 |
| Tampa Bay Lightning |
15 |
10 |
9 |
34 |
|
1st period
1. Tampa Bay Lightning , Johnny Gaudreau 12 (Anze Kopitar 13) at 4:11
2. San Jose Sharks , John Hayden 3 (Christopher Tanev 6, Andreas Athanasiou 4) at 12:28
3. Tampa Bay Lightning , Gustav Nyquist 5 (Roope Hintz 7, Logan Couture 7) at 14:28
Penalties :
Adam Henrique (SJS) for Tripping (Minor) at 14:41
2nd period
4. Tampa Bay Lightning , Tyler Toffoli 3 (Dylan Cozens 4, Tomas Hertl 4) at 13:10
5. San Jose Sharks , Ryan Hartman 5 (Ivan Barbashev 9) at 14:55
6. Tampa Bay Lightning , Gustav Nyquist 6 (Travis Konecny 16) at 19:44
Penalties :
No Penalty
3rd period
No Goal
Penalties :
Michael Matheson (TBL) for Roughing (Minor) at 16:00
Goalie Stats
Ilya Samsonov (SJS), 30 saves from 34 shots - (0.882), L, 8-3-2, 60:00 minutes
Filip Gustavsson (TBL), 34 saves from 36 shots - (0.944), W, 10-1-0, 60:00 minutes
Players Stats for San Jose Sharks
Player Name G A P +/- PIM S H SB GA TA FO MP PP MP PK MP
------------------------------------------------------------------------------------
Adam Henrique 0 0 0 -2 2 2 1 0 0 1 5/10 17:23 1:01 0:00
Andreas Athanasiou 0 1 1 1 0 6 1 0 3 0 0/0 10:51 0:03 0:00
Anthony Deangelo 0 0 0 0 0 2 1 0 1 0 0/0 16:09 0:00 0:00
Christian Dvorak 0 0 0 0 0 3 1 0 1 0 1/1 17:33 0:55 0:29
Christopher Tanev 0 1 1 -1 0 1 0 2 0 1 0/0 18:03 0:56 0:55
Connor Brown 0 0 0 1 0 0 0 1 2 1 0/0 10:37 0:00 0:00
Connor Murphy 0 0 0 -1 0 1 0 1 0 1 0/0 17:56 0:56 0:55
Derek Forbort 0 0 0 -1 0 3 2 1 0 2 0/0 25:12 1:03 1:04
Dylan Strome 0 0 0 -2 0 1 0 0 1 1 1/2 17:59 1:01 0:47
Ilya Mikheyev 0 0 0 -1 0 1 0 1 0 0 0/0 14:52 0:03 0:52
Ivan Barbashev 0 1 1 0 0 1 1 1 0 0 8/21 17:16 0:55 0:47
Jack Roslovic 0 0 0 -1 0 2 0 1 0 0 4/9 13:45 0:03 0:00
John Hayden 1 0 1 1 0 1 2 0 0 0 4/7 10:29 0:00 0:00
Ryan Hartman 1 0 1 0 0 3 1 1 0 0 1/1 16:29 0:55 0:00
Simon Nemec 0 0 0 0 0 1 0 0 0 0 0/0 16:05 0:00 0:00
Valeri Nichushkin 0 0 0 -2 0 2 3 0 2 0 0/2 18:41 1:01 1:03
Victor Olofsson 0 0 0 -1 0 3 4 1 0 0 0/0 13:25 0:00 0:00
Zachary Werenski 0 0 0 -1 0 3 1 0 1 0 0/0 25:15 1:03 1:04
Players Stats for Tampa Bay Lightning
Player Name G A P +/- PIM S H SB GA TA FO MP PP MP PK MP
------------------------------------------------------------------------------------
Anze Kopitar 0 1 1 0 0 3 0 2 1 0 15/26 21:18 1:05 1:05
Blake Lizotte 0 0 0 0 0 0 0 0 0 0 0/0 1:01 0:00 0:00
Darnell Nurse 0 0 0 1 0 1 0 1 0 1 0/0 23:56 0:59 1:08
Dylan Cozens 0 1 1 0 0 1 2 1 1 0 1/3 18:08 0:00 0:42
Gustav Nyquist 2 0 2 2 0 5 1 0 0 1 0/0 17:12 0:00 0:30
Hampus Lindholm 0 0 0 -1 0 0 1 5 0 2 0/0 22:08 0:59 0:00
Johnny Gaudreau 1 0 1 0 0 5 0 3 2 0 1/1 20:26 1:05 0:00
Kirill Kaprizov 0 0 0 0 0 0 1 1 0 0 0/0 12:50 0:54 0:00
Logan Couture 0 1 1 2 0 3 1 0 1 0 6/16 18:02 0:54 0:59
Michael Matheson 0 0 0 1 2 2 1 2 0 3 0/0 22:47 1:00 0:00
Moritz Seider 0 0 0 -1 0 1 3 1 1 2 0/0 22:59 1:00 0:51
Roope Hintz 0 1 1 2 0 5 0 0 0 0 0/0 17:45 0:54 0:00
Ryan Graves 0 0 0 2 0 0 3 0 0 1 0/0 13:56 0:00 0:51
Tomas Hertl 0 1 1 0 0 0 2 0 0 0 4/4 11:11 0:00 0:00
Travis Konecny 0 1 1 0 0 3 0 0 1 0 1/2 21:12 1:05 0:42
Trevor Moore 0 0 0 0 0 1 1 1 0 0 1/1 10:11 0:00 0:00
Tyler Toffoli 1 0 1 0 0 3 1 0 0 0 0/0 8:44 0:00 0:00
Vladislav Gavrikov 0 0 0 2 0 1 0 1 0 1 0/0 14:14 0:00 1:08
3 Stars
1 - Gustav Nyquist (TBL)
2 - Filip Gustavsson (TBL)
3 - Johnny Gaudreau (TBL)
Power Play
San Jose Sharks - 0 on 1 Attempt(s) - 0.00%
Tampa Bay Lightning - 0 on 1 Attempt(s) - 0.00%
Penalty Kill
San Jose Sharks - 1 on 1 Attempt(s) - 100.00%
- Score 0 goal in Penalty Kill
Tampa Bay Lightning - 1 on 1 Attempt(s) - 100.00%
- Score 0 goal in Penalty Kill
Team Stat
San Jose Sharks - Hits : 18 - Faceoff Wins : 24 - Blocked Shots : 10 - Penalty Minutes : 2
Tampa Bay Lightning - Hits : 17 - Faceoff Wins : 29 - Blocked Shots : 18 - Penalty Minutes : 2
Official
Referees : Ghislain Hebert and Kendrick Nicholson
Linesman : Pierre Racicot and Bryan Pancich
Game Notes
No Game Note
Finance
Level 1 -- Attendance: 6000 (100.00%) -- Ticket Income $570,000
Level 2 -- Attendance: 5000 (100.00%) -- Ticket Income $275,000
Level 3 -- Attendance: 2704 (90.13%) -- Ticket Income $86,528
Level 4 -- Attendance: 4567 (91.34%) -- Ticket Income $100,474
Luxury Box -- Attendance: 1000 (100.00%) -- Ticket Income $193,000
Game was played at the Tampa Bay Times Forum.
Total Attendance: 19271 (96.36%)
Total Ticket Income: $1,225,002
Other Income: $428,751
Total Income: $1,653,753
San Jose Sharks
5 vs 5 Forward
Center Left Wing Right Wing Time % Phy DF OF
1 Adam Henrique Valeri Nichushkin Dylan Strome 30 1 2 2
2 Ivan Barbashev Christian Dvorak Ryan Hartman 30 1 2 2
3 Jack Roslovic Victor Olofsson Ilya Mikheyev 25 1 2 2
4 John Hayden Andreas Athanasiou Connor Brown 15 1 2 2
5 vs 5 Defense
Defense Defense Time % Phy DF OF
1 Derek Forbort Zachary Werenski 30 1 2 2
2 Christopher Tanev Connor Murphy 30 1 2 2
3 Anthony Deangelo Simon Nemec 25 1 2 2
4 Derek Forbort Zachary Werenski 15 1 2 2
PowerPlay Forward
Center Left Wing Right Wing Time % Phy DF OF
1 Adam Henrique Valeri Nichushkin Dylan Strome 50 1 2 2
2 Ivan Barbashev Christian Dvorak Ryan Hartman 50 1 2 2
PowerPlay Defense
Defense Defense Time % Phy DF OF
1 Derek Forbort Zachary Werenski 50 1 2 2
2 Christopher Tanev Connor Murphy 50 1 2 2
Penalty Kill 4 Players Forward
Center Wing Time % Phy DF OF
1 Valeri Nichushkin Adam Henrique 50 1 2 2
2 Dylan Strome Ivan Barbashev 50 1 2 2
Penalty Kill 4 Players Defense
Defense Defense Time % Phy DF OF
1 Derek Forbort Zachary Werenski 50 1 2 2
2 Christopher Tanev Connor Murphy 50 1 2 2
Penalty Kill - 3 Players Forward
Forward Time % Phy DF OF
1 Valeri Nichushkin 50 1 2 2
2 Adam Henrique 50 1 2 2
Penalty Kill - 3 Players Defense
Defense Defense Time % Phy DF OF
1 Derek Forbort Zachary Werenski 50 1 2 2
2 Christopher Tanev Connor Murphy 50 1 2 2
4 vs 4 Forward
Center Wing Time % Phy DF OF
1 Valeri Nichushkin Adam Henrique 50 1 2 2
2 Dylan Strome Ivan Barbashev 50 1 2 2
4 vs 4 Defense
Defense Defense Time % Phy DF OF
1 Derek Forbort Zachary Werenski 50 1 2 2
2 Christopher Tanev Connor Murphy 50 1 2 2
Last Minutes Offensive
Center Left Wing Right Wing Defense Defense
Adam Henrique Valeri Nichushkin Dylan Strome Derek Forbort Zachary Werenski
Last Minutes Defensive
Center Left Wing Right Wing Defense Defense
Adam Henrique Valeri Nichushkin Dylan Strome Derek Forbort Zachary Werenski
Goaltenders
Starting : Ilya Samsonov
Backup : Logan Thompson
Extra Forwards
Normal : Jack Roslovic, Andreas Athanasiou, Ilya Mikheyev - PP : Jack Roslovic, Andreas Athanasiou - PK : Ilya Mikheyev
Extra Defensemen
Normal : Anthony Deangelo, Simon Nemec, Christopher Tanev - PP : Anthony Deangelo - PK : Simon Nemec, Christopher Tanev
Penalty Shots
Valeri Nichushkin, Adam Henrique, Dylan Strome, Ivan Barbashev, Christian Dvorak
Tampa Bay Lightning
5 vs 5 Forward
Center Left Wing Right Wing Time % Phy DF OF
1 Anze Kopitar Johnny Gaudreau Travis Konecny 35 0 2 3
2 Logan Couture Roope Hintz Gustav Nyquist 30 0 2 3
3 Tomas Hertl Dylan Cozens Kirill Kaprizov 20 0 1 4
4 Dylan Cozens Trevor Moore Tyler Toffoli 15 0 2 3
5 vs 5 Defense
Defense Defense Time % Phy DF OF
1 Darnell Nurse Michael Matheson 40 0 3 2
2 Moritz Seider Hampus Lindholm 40 0 3 2
3 Vladislav Gavrikov Ryan Graves 20 0 4 1
4 Darnell Nurse Hampus Lindholm 0 0 3 2
PowerPlay Forward
Center Left Wing Right Wing Time % Phy DF OF
1 Anze Kopitar Johnny Gaudreau Travis Konecny 65 0 1 4
2 Logan Couture Roope Hintz Kirill Kaprizov 35 0 1 4
PowerPlay Defense
Defense Defense Time % Phy DF OF
1 Moritz Seider Michael Matheson 65 1 2 2
2 Darnell Nurse Hampus Lindholm 35 1 2 2
Penalty Kill 4 Players Forward
Center Wing Time % Phy DF OF
1 Anze Kopitar Logan Couture 55 1 4 0
2 Dylan Cozens Travis Konecny 45 1 4 0
Penalty Kill 4 Players Defense
Defense Defense Time % Phy DF OF
1 Vladislav Gavrikov Darnell Nurse 55 1 4 0
2 Ryan Graves Moritz Seider 45 1 4 0
Penalty Kill - 3 Players Forward
Forward Time % Phy DF OF
1 Anze Kopitar 50 1 4 0
2 Logan Couture 50 1 4 0
Penalty Kill - 3 Players Defense
Defense Defense Time % Phy DF OF
1 Vladislav Gavrikov Darnell Nurse 50 0 5 0
2 Ryan Graves Moritz Seider 50 0 5 0
4 vs 4 Forward
Center Wing Time % Phy DF OF
1 Anze Kopitar Dylan Cozens 55 0 2 3
2 Logan Couture Tomas Hertl 45 0 3 2
4 vs 4 Defense
Defense Defense Time % Phy DF OF
1 Darnell Nurse Hampus Lindholm 55 0 3 2
2 Moritz Seider Michael Matheson 45 0 3 2
Last Minutes Offensive
Center Left Wing Right Wing Defense Defense
Anze Kopitar Kirill Kaprizov Travis Konecny Darnell Nurse Hampus Lindholm
Last Minutes Defensive
Center Left Wing Right Wing Defense Defense
Anze Kopitar Kirill Kaprizov Travis Konecny Darnell Nurse Hampus Lindholm
Goaltenders
Starting : Filip Gustavsson
Backup : Jeremy Swayman
Extra Forwards
Normal : Trevor Moore, Roope Hintz, Johnny Gaudreau - PP : Roope Hintz, Dylan Cozens - PK : Gustav Nyquist
Extra Defensemen
Normal : Moritz Seider, Darnell Nurse, Vladislav Gavrikov - PP : Ryan Graves - PK : Hampus Lindholm, Michael Matheson
Penalty Shots
Gustav Nyquist, Kirill Kaprizov, Logan Couture, Trevor Moore, Anze Kopitar
% Time on Ice - San Jose Sharks
Lines # - Real PCT - Wanted PCT - Time Play
Normal Forward
1 - 30% - 30% - 16:48
2 - 28% - 30% - 15:25
3 - 24% - 25% - 13:42
4 - 18% - 15% - 10:07
Normal Defense
1 - 29% - 30% - 16:30
2 - 29% - 30% - 16:16
3 - 29% - 25% - 16:09
4 - 13% - 15% - 7:07
PP Forward
1 - 51% - 50% - 1:01
2 - 49% - 50% - 0:58
PP Defense
1 - 53% - 50% - 1:03
2 - 47% - 50% - 0:56
PK Forward
1 - 61% - 50% - 1:12
2 - 39% - 50% - 0:47
PK Defense
1 - 54% - 50% - 1:04
2 - 46% - 50% - 0:55
PK3 Forward
1 - 0% - 50%
2 - 0% - 50%
PK3 Defense
1 - 0% - 50%
2 - 0% - 50%
44 Forward
1 - 0% - 50%
2 - 0% - 50%
44 Defense
1 - 0% - 50%
2 - 0% - 50%
Last Minute Offensive - 0:00
Last Minute Defensive - 0:00
Total
Forward - 60:00
Defense - 60:00
|
% Time on Ice - Tampa Bay Lightning
Lines # - Real PCT - Wanted PCT - Time Play
Normal Forward
1 - 35% - 35% - 19:53
2 - 30% - 30% - 16:33
3 - 20% - 20% - 11:11
4 - 15% - 15% - 8:25
Normal Defense
1 - 39% - 40% - 21:48
2 - 38% - 40% - 21:09
3 - 23% - 20% - 13:05
4 - 0% - 0% - 0:00
PP Forward
1 - 55% - 65% - 1:05
2 - 45% - 35% - 0:54
PP Defense
1 - 50% - 65% - 1:00
2 - 50% - 35% - 0:59
PK Forward
1 - 65% - 55% - 1:17
2 - 35% - 45% - 0:42
PK Defense
1 - 57% - 55% - 1:08
2 - 43% - 45% - 0:51
PK3 Forward
1 - 0% - 50%
2 - 0% - 50%
PK3 Defense
1 - 0% - 50%
2 - 0% - 50%
44 Forward
1 - 0% - 55%
2 - 0% - 45%
44 Defense
1 - 0% - 55%
2 - 0% - 45%
Last Minute Offensive - 0:00
Last Minute Defensive - 0:00
Total
Forward - 60:00
Defense - 60:00
|
Play-by-Play
1st period
0:01 of 1st period - Anze Kopitar wins face-off versus Adam Henrique in neutral zone.
0:08 of 1st period - Snap shot by Anze Kopitar.
0:08 of 1st period - Deflect By Johnny Gaudreau.
0:08 of 1st period - Stopped by Ilya Samsonov without a rebound.
0:09 of 1st period - Adam Henrique wins face-off versus Anze Kopitar in San Jose Sharks zone.
0:09 of 1st period - Adam Henrique is hit by Michael Matheson.
0:23 of 1st period - Snap shot by Adam Henrique.
0:23 of 1st period - Shot Misses the Net.
0:25 of 1st period - Wrist shot by Zachary Werenski.
0:25 of 1st period - Shot Blocked by Michael Matheson.
0:27 of 1st period - Slapshot by Zachary Werenski.
0:27 of 1st period - Stopped by Filip Gustavsson with a rebound.
0:29 of 1st period - Slapshot by Derek Forbort.
0:29 of 1st period - Shot Misses the Net.
0:31 of 1st period - Snap shot by Valeri Nichushkin.
0:31 of 1st period - Deflect By Michael Matheson.
0:31 of 1st period - Shot Blocked by Anze Kopitar.
0:31 of 1st period - Puck is out of play.
0:32 of 1st period - Ivan Barbashev wins face-off versus Logan Couture in Tampa Bay Lightning zone.
1:20 of 1st period - Off-side.
1:21 of 1st period - Anze Kopitar wins face-off versus John Hayden in neutral zone.
1:30 of 1st period - Snap shot by Anze Kopitar.
1:30 of 1st period - Stopped by Ilya Samsonov without a rebound.
1:31 of 1st period - Christian Dvorak wins face-off versus Dylan Cozens in San Jose Sharks zone.
2:12 of 1st period - Snap shot by Christian Dvorak.
2:12 of 1st period - Stopped by Filip Gustavsson without a rebound.
2:13 of 1st period - Jack Roslovic wins face-off versus Logan Couture in Tampa Bay Lightning zone.
2:14 of 1st period - Snap shot by Victor Olofsson.
2:14 of 1st period - Stopped by Filip Gustavsson without a rebound.
2:15 of 1st period - Jack Roslovic wins face-off versus Logan Couture in Tampa Bay Lightning zone.
2:16 of 1st period - Slapshot by Victor Olofsson.
2:16 of 1st period - Deflect By Gustav Nyquist.
2:16 of 1st period - Shot Misses the Net.
2:16 of 1st period - Puck is out of play.
2:17 of 1st period - Logan Couture wins face-off versus Jack Roslovic in Tampa Bay Lightning zone.
3:14 of 1st period - Wrist shot by Andreas Athanasiou.
3:14 of 1st period - Stopped by Filip Gustavsson without a rebound.
3:15 of 1st period - John Hayden wins face-off versus Logan Couture in Tampa Bay Lightning zone.
3:16 of 1st period - Wrist shot by Andreas Athanasiou.
3:16 of 1st period - Stopped by Filip Gustavsson with a rebound.
3:18 of 1st period - Wrist shot by Andreas Athanasiou.
3:18 of 1st period - Stopped by Filip Gustavsson with a rebound.
3:20 of 1st period - Slapshot by Zachary Werenski.
3:20 of 1st period - Stopped by Filip Gustavsson with a rebound.
3:22 of 1st period - Slapshot by Derek Forbort.
3:22 of 1st period - Shot Misses the Net.
3:24 of 1st period - Snap shot by Zachary Werenski.
3:24 of 1st period - Stopped by Filip Gustavsson without a rebound.
3:25 of 1st period - Logan Couture wins face-off versus Dylan Strome in Tampa Bay Lightning zone.
3:30 of 1st period - Slapshot by Valeri Nichushkin.
3:30 of 1st period - Deflect By Dylan Strome.
3:30 of 1st period - Stopped by Filip Gustavsson without a rebound.
3:31 of 1st period - Dylan Cozens wins face-off versus Adam Henrique in Tampa Bay Lightning zone.
3:41 of 1st period - Valeri Nichushkin is hit by Tyler Toffoli and loses puck.
4:01 of 1st period - Slapshot by Roope Hintz.
4:01 of 1st period - Deflect By Logan Couture.
4:01 of 1st period - Deflect By Connor Murphy.
4:01 of 1st period - Stopped by Ilya Samsonov without a rebound.
4:02 of 1st period - Anze Kopitar wins face-off versus Jack Roslovic in San Jose Sharks zone.
4:11 of 1st period - Snap shot by Johnny Gaudreau.
4:11 of 1st period - Goal by Johnny Gaudreau - San Jose Sharks : 0 - Tampa Bay Lightning : 1.
4:12 of 1st period - Tomas Hertl wins face-off versus Ivan Barbashev in neutral zone.
4:14 of 1st period - Off-side.
4:15 of 1st period - Tomas Hertl wins face-off versus Ivan Barbashev in neutral zone.
4:24 of 1st period - Slapshot by Christian Dvorak.
4:24 of 1st period - Stopped by Filip Gustavsson without a rebound.
4:25 of 1st period - Anze Kopitar wins face-off versus John Hayden in Tampa Bay Lightning zone.
4:39 of 1st period - Wrist shot by Johnny Gaudreau.
4:39 of 1st period - Shot Misses the Net.
5:15 of 1st period - Slapshot by Trevor Moore.
5:15 of 1st period - Shot Blocked by Jack Roslovic.
5:17 of 1st period - Slapshot by Michael Matheson.
5:17 of 1st period - Deflect By Jack Roslovic.
5:17 of 1st period - Stopped by Ilya Samsonov with a rebound.
5:19 of 1st period - Backhand shot by Michael Matheson.
5:19 of 1st period - Stopped by Ilya Samsonov with a rebound.
5:21 of 1st period - Wrist shot by Darnell Nurse.
5:21 of 1st period - Stopped by Ilya Samsonov without a rebound.
5:22 of 1st period - Anze Kopitar wins face-off versus Valeri Nichushkin in San Jose Sharks zone.
5:49 of 1st period - Connor Murphy is hit by Tomas Hertl and loses puck.
6:16 of 1st period - Snap shot by Ilya Mikheyev.
6:16 of 1st period - Shot Blocked by Michael Matheson.
6:36 of 1st period - Wrist shot by Anze Kopitar.
6:36 of 1st period - Deflect By Johnny Gaudreau.
6:36 of 1st period - Shot Blocked by Christopher Tanev.
6:36 of 1st period - Puck is out of play.
6:37 of 1st period - Anze Kopitar wins face-off versus John Hayden in San Jose Sharks zone.
7:02 of 1st period - Wrist shot by Travis Konecny.
7:02 of 1st period - Stopped by Ilya Samsonov with a rebound.
7:04 of 1st period - Snap shot by Travis Konecny.
7:04 of 1st period - Stopped by Ilya Samsonov without a rebound.
7:05 of 1st period - Logan Couture wins face-off versus Adam Henrique in San Jose Sharks zone.
7:08 of 1st period - Snap shot by Gustav Nyquist.
7:08 of 1st period - Stopped by Ilya Samsonov with a rebound.
7:58 of 1st period - Wrist shot by Dylan Cozens.
7:58 of 1st period - Shot Blocked by Victor Olofsson.
8:04 of 1st period - Michael Matheson is hit by Victor Olofsson and loses puck.
8:51 of 1st period - Slapshot by Logan Couture.
8:51 of 1st period - Shot Misses the Net.
9:03 of 1st period - Slapshot by Ryan Hartman.
9:03 of 1st period - Shot Blocked by Hampus Lindholm.
9:11 of 1st period - Snap shot by Anze Kopitar.
9:11 of 1st period - Stopped by Ilya Samsonov without a rebound.
9:12 of 1st period - Jack Roslovic wins face-off versus Logan Couture in San Jose Sharks zone.
9:25 of 1st period - Slapshot by Roope Hintz.
9:25 of 1st period - Stopped by Ilya Samsonov without a rebound.
9:26 of 1st period - Ivan Barbashev wins face-off versus Anze Kopitar in San Jose Sharks zone.
10:37 of 1st period - Slapshot by Logan Couture.
10:37 of 1st period - Shot Hit the Post.
10:43 of 1st period - Gustav Nyquist is hit by Andreas Athanasiou and loses puck.
11:22 of 1st period - Kirill Kaprizov is hit by Valeri Nichushkin and loses puck.
12:00 of 1st period - Off-side.
12:01 of 1st period - John Hayden wins face-off versus Anze Kopitar in neutral zone.
12:22 of 1st period - Slapshot by Zachary Werenski.
12:22 of 1st period - Shot Blocked by Hampus Lindholm.
12:24 of 1st period - Snap shot by Andreas Athanasiou.
12:24 of 1st period - Shot Blocked by Johnny Gaudreau.
12:26 of 1st period - Slapshot by Christopher Tanev.
12:26 of 1st period - Stopped by Filip Gustavsson with a rebound.
12:28 of 1st period - Wrist shot by John Hayden.
12:28 of 1st period - Goal by John Hayden - San Jose Sharks : 1 - Tampa Bay Lightning : 1.
12:29 of 1st period - Tomas Hertl wins face-off versus Ivan Barbashev in neutral zone.
12:56 of 1st period - Hampus Lindholm is hit by Valeri Nichushkin and loses puck.
13:19 of 1st period - Off-side.
13:20 of 1st period - Trevor Moore wins face-off versus Jack Roslovic in neutral zone.
13:33 of 1st period - Snap shot by Trevor Moore.
13:33 of 1st period - Stopped by Ilya Samsonov without a rebound.
13:34 of 1st period - Ivan Barbashev wins face-off versus Anze Kopitar in San Jose Sharks zone.
13:45 of 1st period - Snap shot by Ivan Barbashev.
13:45 of 1st period - Shot Misses the Net.
14:14 of 1st period - Off-side.
14:15 of 1st period - Adam Henrique wins face-off versus Logan Couture in neutral zone.
14:28 of 1st period - Snap shot by Gustav Nyquist.
14:28 of 1st period - Goal by Gustav Nyquist - San Jose Sharks : 1 - Tampa Bay Lightning : 2.
14:29 of 1st period - Dylan Strome wins face-off versus Logan Couture in neutral zone.
14:41 of 1st period - Minor Penalty to Adam Henrique for Tripping.
14:42 of 1st period - Anze Kopitar wins face-off versus Valeri Nichushkin in San Jose Sharks zone.
16:41 of 1st period - Penalty to Adam Henrique is over, Adam Henrique is back on ice.
16:47 of 1st period - Snap shot by Adam Henrique.
16:47 of 1st period - Shot Misses the Net.
16:49 of 1st period - Snap shot by Andreas Athanasiou.
16:49 of 1st period - Stopped by Filip Gustavsson with a rebound.
16:51 of 1st period - Slapshot by Anthony Deangelo.
16:51 of 1st period - Stopped by Filip Gustavsson with a rebound.
16:59 of 1st period - Hampus Lindholm is hit by John Hayden.
17:45 of 1st period - Moritz Seider is hit by Victor Olofsson and loses puck.
18:07 of 1st period - Slapshot by Zachary Werenski.
18:07 of 1st period - Deflect By Andreas Athanasiou.
18:07 of 1st period - Shot Blocked by Kirill Kaprizov.
18:07 of 1st period - Puck is out of play.
18:08 of 1st period - Anze Kopitar wins face-off versus Ivan Barbashev in Tampa Bay Lightning zone.
18:57 of 1st period - Wrist shot by Dylan Cozens.
18:57 of 1st period - Shot Blocked by Christopher Tanev.
19:18 of 1st period - Slapshot by Anze Kopitar.
19:18 of 1st period - Deflect By Johnny Gaudreau.
19:18 of 1st period - Stopped by Ilya Samsonov with a rebound.
19:34 of 1st period - Gustav Nyquist is hit by John Hayden and loses puck.
Goals for this period are 1 for San Jose Sharks vs 2 for Tampa Bay Lightning.
Shots for this period are 14 for San Jose Sharks vs 15 for Tampa Bay Lightning.
2nd period
0:01 of 2nd period - Anze Kopitar wins face-off versus Ivan Barbashev in neutral zone.
0:12 of 2nd period - Snap shot by Ivan Barbashev.
0:12 of 2nd period - Stopped by Filip Gustavsson without a rebound.
0:13 of 2nd period - Adam Henrique wins face-off versus Anze Kopitar in Tampa Bay Lightning zone.
0:50 of 2nd period - Snap shot by Adam Henrique.
0:50 of 2nd period - Stopped by Filip Gustavsson with a rebound.
0:52 of 2nd period - Slapshot by Derek Forbort.
0:52 of 2nd period - Stopped by Filip Gustavsson with a rebound.
1:45 of 2nd period - Wrist shot by Tomas Hertl.
1:45 of 2nd period - Shot Misses the Net.
1:57 of 2nd period - Moritz Seider is hit by Valeri Nichushkin and loses puck.
2:41 of 2nd period - Kirill Kaprizov is hit by Adam Henrique and loses puck.
2:59 of 2nd period - Off-side.
3:00 of 2nd period - Anze Kopitar wins face-off versus Ivan Barbashev in neutral zone.
4:32 of 2nd period - Snap shot by Gustav Nyquist.
4:32 of 2nd period - Stopped by Ilya Samsonov without a rebound.
4:33 of 2nd period - Ivan Barbashev wins face-off versus Anze Kopitar in San Jose Sharks zone.
4:33 of 2nd period - Ivan Barbashev is hit by Ryan Graves.
5:21 of 2nd period - Slapshot by Tyler Toffoli.
5:21 of 2nd period - Stopped by Ilya Samsonov with a rebound.
5:35 of 2nd period - Connor Brown is hit by Trevor Moore and loses puck.
5:48 of 2nd period - Christopher Tanev is hit by Gustav Nyquist and loses puck.
9:31 of 2nd period - Trevor Moore is hit by Victor Olofsson and loses puck.
10:14 of 2nd period - Ivan Barbashev is hit by Moritz Seider and loses puck.
11:58 of 2nd period - Icing by Ryan Graves.
11:59 of 2nd period - Jack Roslovic wins face-off versus Anze Kopitar in Tampa Bay Lightning zone.
12:22 of 2nd period - Andreas Athanasiou is hit by Dylan Cozens and loses puck.
12:56 of 2nd period - Slapshot by Logan Couture.
12:56 of 2nd period - Shot Misses the Net.
13:10 of 2nd period - Snap shot by Dylan Cozens.
13:10 of 2nd period - Deflect By Tyler Toffoli.
13:10 of 2nd period - Goal by Tyler Toffoli - San Jose Sharks : 1 - Tampa Bay Lightning : 3.
13:11 of 2nd period - Travis Konecny wins face-off versus Ivan Barbashev in neutral zone.
13:16 of 2nd period - Snap shot by Johnny Gaudreau.
13:16 of 2nd period - Stopped by Ilya Samsonov without a rebound.
13:17 of 2nd period - Anze Kopitar wins face-off versus Ivan Barbashev in San Jose Sharks zone.
13:20 of 2nd period - Wrist shot by Anze Kopitar.
13:20 of 2nd period - Shot Blocked by Ivan Barbashev.
13:28 of 2nd period - Slapshot by Johnny Gaudreau.
13:28 of 2nd period - Stopped by Ilya Samsonov with a rebound.
14:24 of 2nd period - Wrist shot by Andreas Athanasiou.
14:24 of 2nd period - Stopped by Filip Gustavsson without a rebound.
14:25 of 2nd period - John Hayden wins face-off versus Logan Couture in Tampa Bay Lightning zone.
14:26 of 2nd period - Slapshot by Andreas Athanasiou.
14:26 of 2nd period - Stopped by Filip Gustavsson with a rebound.
14:28 of 2nd period - Slapshot by Anthony Deangelo.
14:28 of 2nd period - Shot Blocked by Moritz Seider.
14:55 of 2nd period - Snap shot by Ryan Hartman.
14:55 of 2nd period - Goal by Ryan Hartman - San Jose Sharks : 2 - Tampa Bay Lightning : 3.
14:56 of 2nd period - Logan Couture wins face-off versus Ivan Barbashev in neutral zone.
15:48 of 2nd period - Slapshot by Ilya Mikheyev.
15:48 of 2nd period - Shot Misses the Net.
15:50 of 2nd period - Backhand shot by Zachary Werenski.
15:50 of 2nd period - Shot Blocked by Trevor Moore.
15:52 of 2nd period - Slapshot by Zachary Werenski.
15:52 of 2nd period - Shot Misses the Net.
15:54 of 2nd period - Wrist shot by Victor Olofsson.
15:54 of 2nd period - Deflect By Jack Roslovic.
15:54 of 2nd period - Stopped by Filip Gustavsson with a rebound.
15:56 of 2nd period - Slapshot by Derek Forbort.
15:56 of 2nd period - Stopped by Filip Gustavsson without a rebound.
15:57 of 2nd period - Ivan Barbashev wins face-off versus Anze Kopitar in Tampa Bay Lightning zone.
16:24 of 2nd period - Snap shot by Logan Couture.
16:24 of 2nd period - Stopped by Ilya Samsonov with a rebound.
16:26 of 2nd period - Slapshot by Vladislav Gavrikov.
16:26 of 2nd period - Deflect By Valeri Nichushkin.
16:26 of 2nd period - Stopped by Ilya Samsonov with a rebound.
16:30 of 2nd period - Slapshot by Logan Couture.
16:30 of 2nd period - Shot Misses the Net.
16:32 of 2nd period - Snap shot by Logan Couture.
16:32 of 2nd period - Stopped by Ilya Samsonov without a rebound.
16:33 of 2nd period - Tomas Hertl wins face-off versus Jack Roslovic in San Jose Sharks zone.
17:25 of 2nd period - Snap shot by Anthony Deangelo.
17:25 of 2nd period - Stopped by Filip Gustavsson with a rebound.
17:43 of 2nd period - Snap shot by Tyler Toffoli.
17:43 of 2nd period - Stopped by Ilya Samsonov with a rebound.
17:45 of 2nd period - Slapshot by Michael Matheson.
17:45 of 2nd period - Shot Blocked by Connor Brown.
17:47 of 2nd period - Snap shot by Dylan Cozens.
17:47 of 2nd period - Shot Blocked by Derek Forbort.
17:49 of 2nd period - Snap shot by Tyler Toffoli.
17:49 of 2nd period - Shot Misses the Net.
18:24 of 2nd period - Zachary Werenski is hit by Kirill Kaprizov and loses puck.
18:43 of 2nd period - Gustav Nyquist is hit by Derek Forbort and loses puck.
19:16 of 2nd period - Wrist shot by Tyler Toffoli.
19:16 of 2nd period - Shot Blocked by Connor Murphy.
19:44 of 2nd period - Wrist shot by Gustav Nyquist.
19:44 of 2nd period - Goal by Gustav Nyquist - San Jose Sharks : 2 - Tampa Bay Lightning : 4.
19:45 of 2nd period - Anze Kopitar wins face-off versus Ivan Barbashev in neutral zone.
19:48 of 2nd period - Backhand shot by Michael Matheson.
19:48 of 2nd period - Shot Misses the Net.
19:56 of 2nd period - Slapshot by Travis Konecny.
19:56 of 2nd period - Shot Blocked by Ryan Hartman.
19:58 of 2nd period - Snap shot by Johnny Gaudreau.
19:58 of 2nd period - Shot Misses the Net.
Goals for this period are 1 for San Jose Sharks vs 2 for Tampa Bay Lightning.
Shots for this period are 9 for San Jose Sharks vs 10 for Tampa Bay Lightning.
3rd period
0:01 of 3rd period - Ivan Barbashev wins face-off versus Anze Kopitar in neutral zone.
0:08 of 3rd period - Backhand shot by Ivan Barbashev.
0:08 of 3rd period - Shot Hit the Post.
0:10 of 3rd period - Slapshot by Derek Forbort.
0:10 of 3rd period - Shot Blocked by Hampus Lindholm.
0:12 of 3rd period - Backhand shot by Derek Forbort.
0:12 of 3rd period - Stopped by Filip Gustavsson with a rebound.
0:14 of 3rd period - Snap shot by Ryan Hartman.
0:14 of 3rd period - Stopped by Filip Gustavsson with a rebound.
0:28 of 3rd period - Snap shot by Logan Couture.
0:28 of 3rd period - Deflect By Gustav Nyquist.
0:28 of 3rd period - Stopped by Ilya Samsonov without a rebound.
0:29 of 3rd period - Adam Henrique wins face-off versus Logan Couture in San Jose Sharks zone.
0:47 of 3rd period - Snap shot by Valeri Nichushkin.
0:47 of 3rd period - Stopped by Filip Gustavsson with a rebound.
0:49 of 3rd period - Wrist shot by Adam Henrique.
0:49 of 3rd period - Shot Misses the Net.
0:51 of 3rd period - Wrist shot by Adam Henrique.
0:51 of 3rd period - Stopped by Filip Gustavsson without a rebound.
0:52 of 3rd period - Ivan Barbashev wins face-off versus Anze Kopitar in Tampa Bay Lightning zone.
0:59 of 3rd period - Ivan Barbashev is hit by Hampus Lindholm and loses puck.
1:06 of 3rd period - Wrist shot by Ivan Barbashev.
1:06 of 3rd period - Shot Misses the Net.
1:08 of 3rd period - Slapshot by Ryan Hartman.
1:08 of 3rd period - Shot Blocked by Hampus Lindholm.
1:18 of 3rd period - Victor Olofsson is hit by Logan Couture and loses puck.
2:00 of 3rd period - John Hayden is hit by Dylan Cozens and loses puck.
2:44 of 3rd period - Slapshot by Gustav Nyquist.
2:44 of 3rd period - Shot Misses the Net.
3:08 of 3rd period - Wrist shot by Valeri Nichushkin.
3:08 of 3rd period - Stopped by Filip Gustavsson without a rebound.
3:09 of 3rd period - Ivan Barbashev wins face-off versus Travis Konecny in Tampa Bay Lightning zone.
3:10 of 3rd period - Snap shot by Ryan Hartman.
3:10 of 3rd period - Stopped by Filip Gustavsson with a rebound.
3:12 of 3rd period - Slapshot by Connor Murphy.
3:12 of 3rd period - Stopped by Filip Gustavsson with a rebound.
3:14 of 3rd period - Slapshot by Connor Murphy.
3:14 of 3rd period - Deflect By Christian Dvorak.
3:14 of 3rd period - Stopped by Filip Gustavsson with a rebound.
3:16 of 3rd period - Snap shot by Ryan Hartman.
3:16 of 3rd period - Shot Misses the Net.
3:18 of 3rd period - Slapshot by Ryan Hartman.
3:18 of 3rd period - Shot Misses the Net.
3:20 of 3rd period - Backhand shot by Connor Murphy.
3:20 of 3rd period - Shot Blocked by Vladislav Gavrikov.
3:22 of 3rd period - Snap shot by Ivan Barbashev.
3:22 of 3rd period - Shot Misses the Net.
3:24 of 3rd period - Wrist shot by Christian Dvorak.
3:24 of 3rd period - Shot Blocked by Johnny Gaudreau.
3:36 of 3rd period - Jack Roslovic is hit by Ryan Graves.
4:29 of 3rd period - Icing by Andreas Athanasiou.
4:30 of 3rd period - John Hayden wins face-off versus Dylan Cozens in San Jose Sharks zone.
4:35 of 3rd period - Slapshot by Ryan Hartman.
4:35 of 3rd period - Shot Blocked by Dylan Cozens.
4:41 of 3rd period - Wrist shot by Dylan Cozens.
4:41 of 3rd period - Stopped by Ilya Samsonov with a rebound.
4:43 of 3rd period - Snap shot by Trevor Moore.
4:43 of 3rd period - Shot Misses the Net.
4:59 of 3rd period - Slapshot by Ilya Mikheyev.
4:59 of 3rd period - Shot Blocked by Johnny Gaudreau.
5:01 of 3rd period - Wrist shot by Victor Olofsson.
5:01 of 3rd period - Stopped by Filip Gustavsson with a rebound.
5:21 of 3rd period - Snap shot by Roope Hintz.
5:21 of 3rd period - Stopped by Ilya Samsonov without a rebound.
5:22 of 3rd period - Ryan Hartman wins face-off versus Logan Couture in San Jose Sharks zone.
5:48 of 3rd period - Johnny Gaudreau is hit by Victor Olofsson and loses puck.
6:58 of 3rd period - Connor Murphy is hit by Moritz Seider.
7:22 of 3rd period - Snap shot by Jack Roslovic.
7:22 of 3rd period - Deflect By Ilya Mikheyev.
7:22 of 3rd period - Stopped by Filip Gustavsson with a rebound.
7:41 of 3rd period - Slapshot by Zachary Werenski.
7:41 of 3rd period - Shot Blocked by Hampus Lindholm.
8:53 of 3rd period - Slapshot by Victor Olofsson.
8:53 of 3rd period - Stopped by Filip Gustavsson without a rebound.
8:54 of 3rd period - Anze Kopitar wins face-off versus Jack Roslovic in Tampa Bay Lightning zone.
9:39 of 3rd period - Snap shot by Johnny Gaudreau.
9:39 of 3rd period - Shot Misses the Net.
9:41 of 3rd period - Slapshot by Vladislav Gavrikov.
9:41 of 3rd period - Shot Blocked by Ilya Mikheyev.
9:43 of 3rd period - Wrist shot by Travis Konecny.
9:43 of 3rd period - Stopped by Ilya Samsonov without a rebound.
9:44 of 3rd period - Logan Couture wins face-off versus Ivan Barbashev in San Jose Sharks zone.
9:59 of 3rd period - Backhand shot by Simon Nemec.
9:59 of 3rd period - Stopped by Filip Gustavsson with a rebound.
10:09 of 3rd period - Simon Nemec is hit by Tomas Hertl and loses puck.
10:30 of 3rd period - Zachary Werenski is hit by Moritz Seider and loses puck.
11:18 of 3rd period - Dylan Cozens is hit by Derek Forbort.
12:02 of 3rd period - Victor Olofsson is hit by Ryan Graves.
12:28 of 3rd period - Wrist shot by Andreas Athanasiou.
12:28 of 3rd period - Shot Misses the Net.
12:47 of 3rd period - Slapshot by Moritz Seider.
12:47 of 3rd period - Deflect By Simon Nemec.
12:47 of 3rd period - Stopped by Ilya Samsonov without a rebound.
12:48 of 3rd period - Adam Henrique wins face-off versus Anze Kopitar in San Jose Sharks zone.
13:15 of 3rd period - Gustav Nyquist is hit by Christian Dvorak.
13:21 of 3rd period - Slapshot by Michael Matheson.
13:21 of 3rd period - Shot Misses the Net.
13:23 of 3rd period - Slapshot by Roope Hintz.
13:23 of 3rd period - Stopped by Ilya Samsonov without a rebound.
13:24 of 3rd period - Johnny Gaudreau wins face-off versus Ivan Barbashev in San Jose Sharks zone.
13:27 of 3rd period - Slapshot by Anze Kopitar.
13:27 of 3rd period - Stopped by Ilya Samsonov without a rebound.
13:28 of 3rd period - Anze Kopitar wins face-off versus Ivan Barbashev in San Jose Sharks zone.
13:59 of 3rd period - Off-side.
14:00 of 3rd period - Logan Couture wins face-off versus Adam Henrique in neutral zone.
14:07 of 3rd period - Wrist shot by Roope Hintz.
14:07 of 3rd period - Stopped by Ilya Samsonov with a rebound.
14:09 of 3rd period - Snap shot by Roope Hintz.
14:09 of 3rd period - Stopped by Ilya Samsonov with a rebound.
14:27 of 3rd period - Moritz Seider is hit by Zachary Werenski and loses puck.
14:58 of 3rd period - Wrist shot by Jack Roslovic.
14:58 of 3rd period - Stopped by Filip Gustavsson with a rebound.
16:00 of 3rd period - Minor Penalty to Michael Matheson for Roughing.
16:01 of 3rd period - Anze Kopitar wins face-off versus Adam Henrique in Tampa Bay Lightning zone.
16:05 of 3rd period - Wrist shot by Logan Couture.
16:05 of 3rd period - Shot Misses the Net.
16:35 of 3rd period - Darnell Nurse is hit by Ivan Barbashev and loses puck.
17:29 of 3rd period - Anze Kopitar is hit by Ryan Hartman and loses puck.
18:00 of 3rd period - Penalty to Michael Matheson is over, Michael Matheson is back on ice.
18:32 of 3rd period - Darnell Nurse is hit by Anthony Deangelo and loses puck.
18:41 of 3rd period - Slapshot by Victor Olofsson.
18:41 of 3rd period - Shot Blocked by Anze Kopitar.
18:43 of 3rd period - Wrist shot by Ilya Mikheyev.
18:43 of 3rd period - Shot Blocked by Darnell Nurse.
Goals for this period are 0 for San Jose Sharks vs 0 for Tampa Bay Lightning.
Shots for this period are 13 for San Jose Sharks vs 9 for Tampa Bay Lightning.
Back to the Top